 Dungeon Crawl Stone Soup version 0.29-a0-414-g5075937ec3 (webtiles) character file.

Game seed: 16323003867864779889

160 RepHenryClay the Chopper (level 5, 0/41 HPs)
             Began as a Demonspawn Berserker on May 15, 2022.
             Was a Believer of Trog.
             Slain by an orc
             ... wielding a +1 hand axe of electrocution
              (14 damage)
             ... on level 4 of the Dungeon.
             The game lasted 00:04:07 (3005 turns).

RepHenryClay the Chopper (Demonspawn Berserker)     Turns: 3005, Time: 00:04:08

Health: 0/41       AC: 12    Str: 19    XL:     5   Next: 17%
Magic:  5/5        EV: 11    Int:  8    God:    Trog [**....]
Gold:   190        SH:  0    Dex: 13    Spells: 4/4 levels left

rFire   . . .      SeeInvis .   a - +0 hand axe
rCold   . . .      Faith    .   (no shield)
rNeg    . . .      Spirit   .   h - +0 ring mail
rPois   .          Reflect  .   j - +0 helmet
rElec   .          Harm     .   (no cloak)
rCorr   .          Rampage  .   (no gloves)
Will    ++...                   (no boots)
Stlth   +.........              (no amulet)
HPRegen 1.13/turn               (no ring)
MPRegen 0.18/turn               (no ring)

@: strong-willed, sanguine armoured, on berserk cooldown, attractive,
regenerating, slowed, very slow
A: powered by death 1, magic regeneration, sanguine armour 1
a: Renounce Religion, Berserk, Trog's Hand


You were on level 4 of the Dungeon.
You worshipped Trog.
Trog was pleased with you.
You visited 1 branch of the dungeon, and saw 4 of its levels.

You collected 190 gold pieces.

Inventory:

Hand Weapons
 a - a +0 hand axe (weapon)
 f - a +2 dagger of venom
Armour
 b - a +0 animal skin
 h - a +0 ring mail (worn)
 j - a +0 helmet (worn)
Scrolls
 c - 2 scrolls of amnesia {unknown}
 e - 3 scrolls of identify {unknown}
 i - a scroll of teleportation {unknown}
Potions
 d - a potion of curing
 g - a potion of attraction
 k - a potion of invisibility {unknown}
 l - a potion of brilliance {unknown}


   Skills:
 - Level 3.0 Fighting
 + Level 4.2 Axes
 + Level 3.6 Armour
 - Level 1.7 Dodging


You had 4 spell levels left.
You didn't know any spells.
Your spell library was empty.

Dungeon Overview and Level Annotations

Branches:
Dungeon (4/15)
 Temple: D:4-7

Altars:
Gozag
Qazlal

Shops:
D:1 (

Annotations:
D:3 2 transporters unfinished, Sabo's ghost, amateur MiFi


Innate Abilities, Weirdness & Mutations

You regenerate a little health from kills.
You regenerate magic rapidly.
When seriously injured, your blood forms armour. (AC +6)


Message History

You closely miss the orc wizard.
You are no longer berserk.
You are exhausted.
You feel yourself slow down.
Huge Dmg: -39%(-16hp) hp: 81%(33hp)
You feel less confused. The orc hits you but does no damage.
The orc wizard casts a spell.
The orc wizard flickers and vanishes!
Deactivating autopickup; reactivate with Ctrl-A.
Your skin crawls.
You feel strong-willed. Something hits you but does no damage.
The orc hits you with a +1 hand axe of electrocution.
Damage: -2%(-1hp) hp: 79%(32hp) Unknown command.
You barely miss the orc. You closely miss something. Something hits you.
The orc barely misses you.
The orc hits you with a +1 hand axe of electrocution.
You are electrocuted!
* * * LOW HITPOINT WARNING * * *
Your blood congeals into armour.
Something hits you but does no damage.
Huge Dmg: -42%(-17hp) hp: 37%(15hp)
You barely miss the orc. You closely miss something. Something hits you.
* * * LOW HITPOINT WARNING * * *
The orc hits you but does no damage.
You are electrocuted!
* * * LOW HITPOINT WARNING * * *
The orc hits you but does no damage. Something hits you but does no damage.
Huge Dmg: -27%(-11hp) hp: 10%(4hp) It was a potion of curing.
You feel better. Something completely misses you. The orc misses you.
It was a potion of attraction.
You feel attractive to monsters. Something hits you but does no damage.
The orc closely misses you.
You hear some strange, mumbled words.
A magic dart appears from out of thin air!
The magic dart hits you.
* * * LOW HITPOINT WARNING * * *
The orc hits you but does no damage.
You are electrocuted!
You die...

##########
.......{@#
########o# #)# #+
########.# ...
#........# ....
#.###....# o....#.
#..#.#
.......###....####
....o.........^...


You could see an orc.

Vanquished Creatures
  A black bear (D:4)
  2 worms (D:2)
  A dart slug (D:3)
  2 orcs (D:3)
  4 endoplasms
  A giant cockroach (D:2)
  7 goblins
  4 hobgoblins
  4 quokkas
  8 ball pythons
  5 bats
  2 frilled lizards
  6 kobolds
  10 rats
57 creatures vanquished.

Notes
Turn   | Place    | Note
-------+----------+-------------------------------------------
     0 | D:1      | RepHenryClay the Demonspawn Berserker began the quest for
                  | the Orb.
     0 | D:1      | Reached XP level 1. HP: 18/18 MP: 1/1
   334 | D:1      | Reached skill level 3 in Axes
   338 | D:1      | Gained mutation: You regenerate a little health from kills.
                  | [demonic ancestry]
   338 | D:1      | Reached XP level 2. HP: 8/24 MP: 2/2
   660 | D:1      | Found Aliuhod's Antique Weapon Emporium.
  1164 | D:2      | Reached ** piety under Trog
  1275 | D:2      | Gained mutation: When seriously injured, your blood forms
                  | armour. (AC +6) [demonic ancestry]
  1275 | D:2      | Reached XP level 3. HP: 29/29 MP: 3/3
  1720 | D:2      | Found a stormy altar of Qazlal.
  2054 | D:3      | Found an opulent altar of Gozag.
  2116 | D:3      | Found a transporter.
  2120 | D:3      | Found a transporter.
  2120 | D:3      | Noticed Sabo's ghost (amateur MiFi)
  2694 | D:3      | Reached XP level 4. HP: 35/35 MP: 4/4
  2889 | D:4      | Noticed a black bear
  2896 | D:4      | Killed a black bear
  2897 | D:4      | Reached skill level 4 in Axes
  2897 | D:4      | Gained mutation: You regenerate magic rapidly. [demonic
                  | ancestry]
  2897 | D:4      | Reached XP level 5. HP: 41/41 MP: 5/5
  3005 | D:4      | Slain by an orc

Illustrated notes

Levels and vault maps discovered:
D:1:      psy_arrival_dodecagon, layout_rooms, serial_shops,
          nicolae_lakefront_shop
D:2:      layout_loops_cross, basic_altar
D:3:      layout_loops_ring, grunt_gozag_statues, gammafunk_ghost_arena,
          due_unseen_surprise
D:4:      layout_loops_corners, mainiacjoe_overflow_cross_hatched, temple_green,
          uniq_menkaure, uniq_sigmund, uniq_pikel

Skill      XL: |  1  2  3  4 |
---------------+-------------+-----
Armour         | 2 3 |  3.6
Axes           | 3 4 |  4.2
Fighting       | |  3.0
Dodging        | |  1.7

Action                   |  1- 3 |  4- 6 || total
-------------------------+-------+-------++-------
Melee: Hand axe          |   172 |    13 ||   185
       Punch             |     2 |       ||     2
Invok: Berserk           |     3 |     2 ||     5
       Trog's Hand       |       |     1 ||     1
  Use: Potion            |       |     2 ||     2
Armor: Animal skin       |    15 |       ||    15
       Ring mail         |    48 |    18 ||    66
Dodge: Dodged            |   107 |     7 ||   114

Table legend: (Time is in decaauts)
 A = Elapsed time spent in this place.
 B = Non-inter-level travel time spent in this place.
 C = Inter-level travel time spent in this place.
 D = Time resting spent in this place.
 E = Time spent auto-exploring this place.
 F = Levels seen in this place.
 G = Mean time per level.
                   A        B        C        D        E       F      G
               +--------+--------+--------+--------+--------+-----+--------+
         Total |   3079 |   2888 |    191 |     73 |   2280 |   4 |  769.8 |
       Dungeon |   3079 |   2888 |    191 |     73 |   2280 |   4 |  769.8 |
               +--------+--------+--------+--------+--------+-----+--------+

Top non-repeatable levels by time:
     D:1: 1027 daAuts
     D:2: 1021 daAuts
     D:3: 971 daAuts
     D:4: 59 daAuts
